 Dungeon Crawl Stone Soup version 0.30-a0-137-gd8773701ce (webtiles) character file.

Game seed: 2072432823448917437

1019 lesbiats the Chiller (level 8, -1/46 (64) HPs)
             Began as a Gnoll Wanderer on Sept 19, 2022.
             Was a Follower of Sif Muna.
             Slain by a wight
             ... wielding a +4 halberd
              (9 damage)
             ... on level 6 of the Dungeon on Sept 22, 2022.
             The game lasted 00:36:18 (7503 turns).

lesbiats the Chiller (Gnoll Wanderer)               Turns: 7503, Time: 00:36:19

HP:   -1/46 (64)    AC:  4    Str: 13 (15) XL:     8   Next: 22%
MP:   17/17         EV: 12    Int: 12 (14) God:    Sif Muna [*.....]
Gold: 244           SH:  5    Dex: 13 (14) Spells: 1/19 levels left

rFire   . . .      SeeInvis .    t - +1 mace (protect)
rCold   + . .      Faith    .    b - +0 buckler
rNeg    . . .      Spirit   .    f - +0 leather armour of Yryamago {+Inv rF+ Str+6}
rPois   .          Reflect  .    (no helmet)
rElec   .          Harm     .    (no cloak)
rCorr   +          Rampage  .    (no gloves)
Will    .....                    C - +0 pair of boots
Stlth   ++........               (no amulet)
HPRegen 0.15/turn                g - ring of resist corrosion
MPRegen 0.15/turn                l - ring of ice

@: weak-willed, very heavily drained
A: fangs 1, strong nose, distributed training
a: Renounce Religion, Evoke Invisibility, Channel Magic


You were on level 6 of the Dungeon.
You worshipped Sif Muna.
Sif Muna was aware of your devotion.
You visited 2 branches of the dungeon, and saw 9 of its levels.

You collected 244 gold pieces.

Inventory:

Hand Weapons
 t - a +1 mace of protection (weapon)
Missiles
 e - 5 boomerangs (quivered)
 j - 6 poisoned darts
 v - 2 javelins
 w - 2 throwing nets
 A - 27 stones
Armour
 b - a +0 buckler (worn)
 f - the +0 leather armour of Yryamago (worn) {+Inv rF+ Str+6}
   (You found it on level 1 of the Dungeon)

   Str:       It affects your strength (+6).
   rF:        It protects you from fire.
   +Inv:      It lets you turn invisible.
 C - a +0 pair of boots (worn)
 D - a +0 robe of willpower
Magical Staves
 x - a staff of earth
Jewellery
 g - a ring of resist corrosion (left hand)
 l - a ring of ice (right hand)
Scrolls
 a - a scroll of poison {unknown}
 h - a scroll of acquirement {unknown}
 m - a scroll of blinking {unknown}
 n - a scroll of enchant armour {unknown}
 o - 2 scrolls of teleportation {unknown}
 p - 2 scrolls of vulnerability
 q - a scroll of magic mapping {unknown}
 r - a scroll of noise {unknown}
 s - a scroll of fog
 y - a scroll of torment {unknown}
 B - a scroll of silence {unknown}
Potions
 c - 3 potions of degeneration
 i - 2 potions of haste {unknown}
 k - a potion of berserk rage {unknown}
 u - a potion of curing {unknown}
 z - a potion of lignification {unknown}


   Skills:
 + Level 5.6 Fighting
 + Level 3.2 Short Blades
 + Level 3.2 Long Blades
 + Level 3.2 Axes
 + Level 3.2 Maces & Flails
 + Level 4.1 Polearms
 + Level 3.2 Staves
 + Level 3.2 Ranged Weapons
 + Level 3.2 Throwing
 + Level 4.1 Armour
 + Level 3.2 Dodging
 + Level 3.2 Stealth
 + Level 4.1 Shields
 + Level 3.2 Unarmed Combat
 + Level 6.0 Spellcasting
 + Level 2.6 Conjurations
 + Level 2.6 Hexes
 + Level 2.6 Summonings
 + Level 2.6 Necromancy
 + Level 2.6 Translocations
 + Level 2.6 Transmutations
 + Level 2.6 Fire Magic
 + Level 6.1 Ice Magic
 + Level 2.6 Air Magic
 + Level 2.6 Earth Magic
 + Level 2.6 Poison Magic
 + Level 3.5 Invocations
 + Level 3.2 Evocations


You had one spell level left.
You knew the following spells:

 Your Spells              Type           Power      Damage    Failure   Level
a - Freeze                Ice            100%       1d11      2%          1
b - Necrotise             Necr           36%        1d5       10%         1
c - Cigotuvi's Dreadful   Necr/Pois/Air  18%        N/A       16%         2
d - Vampiric Draining     Necr           9%         2d6       30%         3
e - Iron Shot             Conj/Erth      4%         9d2       100%        6
f - Arcjolt               Conj/Air       4%         1d14      95%         5

Your spell library contained the following spells:

 Spells                   Type           Power      Damage    Failure   Level
 Beastly Appendage        Tmut           18%        N/A       10%         1
 Wereblood                Tmut           9%         N/A       16%         2
 Spider Form              Tmut/Pois      9%         N/A       30%         3
 Ice Form                 Ice/Tmut       21%        N/A       43%         4
 Summon Ice Beast         Ice/Summ       21%        N/A       43%         4
 Dispel Undead            Necr           9%         3d8       69%         4
 Leda's Liquefaction      Hex/Erth       4%         N/A       69%         4
 Agony                    Necr           9%         N/A       95%         5
 Iskenderun's Battlesphe  Conj           9%         2d6       95%         5
 Lee's Rapid Deconstruct  Erth           4%         3d6*      95%         5
 Death Channel            Necr           4%         N/A       100%        6
 Statue Form              Tmut/Erth      6%         N/A       100%        6
 Spellforged Servitor     Conj/Summ      4%         N/A       100%        7


Dungeon Overview and Level Annotations

Branches:
Dungeon (8/15)             Temple (1/1) D:6
   Lair: D:8-11

Altars:
Cheibriados
Hepliaklqana
Makhleb
Ru
Sif Muna

Shops:
D:4 *


Innate Abilities, Weirdness & Mutations

You have very sharp teeth.
Your uncanny sense of smell can sniff out nearby items.
Your experience applies equally to all skills.


Message History

The wight hits you with a +3 hand axe of freezing.
You feel drained.
Found a scroll labelled DUBEFURR REUSA.
The wight barely misses you.
The howler monkey hoots and howls with incredible vigour!
The wight attacks as you move away!
The wight hits you with a +3 hand axe of freezing.
You feel drained. You block the howler monkey's attack.
The howler monkey attacks as you move away!
The howler monkey completely misses you.
The wight attacks as you move away!
The wight hits you with a +3 hand axe of freezing.
You feel drained. The wight freezes you.
The howler monkey hits you but does no damage.
The howler monkey attacks as you move away!
You block the howler monkey's attack. The wight attacks as you move away!
The wight hits you with a +3 hand axe of freezing.
You open the door. You block the wight's attack.
The howler monkey barely misses you. The wight attacks as you move away!
You block the wight's attack.
A scorpion comes into view.
There is an open door here.
You thump the scorpion!
Your weapon exudes an aura of protection.
The scorpion is heavily wounded.
The scorpion barely misses you. You block the howler monkey's attack.
The wight hits you from afar with a +4 halberd!
You feel drained. The howler monkey hits you.
* * * LOW HITPOINT WARNING * * *
The scorpion stings you but does no damage.
As you read the scroll labelled DESHRO SAVIOCOCS, it crumbles to dust.
Magic quickly surges around you.
It was a scroll of vulnerability.
The wight closely misses you. You block the howler monkey's attack.
The scorpion stings you but does no damage.
As you read the scroll labelled DUBEFURR REUSA, it crumbles to dust.
The scroll dissolves into smoke.
It was a scroll of fog.
The wight hits you with a +5 war axe.
* * * LOW HITPOINT WARNING * * *
The wight hits you from afar with a +4 halberd!
You die...

∆ #.##### #...s§#
#####@#######
#...zhz§.....
#....§z?.....
#............#
#...........!#
#............#
#............####
###....>...........
..
#...............###
# .


You could see a scorpion (weak-willed), a howler monkey (weak-willed) and 3
wights.

Vanquished Creatures
  Sigmund (D:5)
  A water moccasin (D:5)
  2 ogres (D:5)
  A scorpion (D:5)
  2 orc priests (D:3)
  A hound (D:5)
  4 jellies
  A gnoll bouda (D:5)
  Jessica (D:2)
  An orc wizard (D:3)
  7 gnolls
  6 adders
  2 shadow imps
  A white imp (D:5)
  An ufetubus (D:6)
  A worm (D:2)
  2 dart slugs
  6 orcs
  5 bats
  9 endoplasms
  3 giant cockroaches
  5 goblins
  7 hobgoblins
  4 jackals (D:3)
  4 kobolds
  3 quokkas
  5 ball pythons
  4 frilled lizards (D:2)
  5 rats
95 creatures vanquished.

Notes
Turn   | Place    | Note
-------+----------+-------------------------------------------
     0 | D:1      | lesbiats the Gnoll Wanderer began the quest for the Orb.
     0 | D:1      | lesbiats set off with the following items: a +0 spear, a +0
                  | buckler, a potion of heal wounds, a +0 robe; and the
                  | following spell memorised: Freeze; and the following spells
                  | available to memorise: Ice Form, Summon Ice Beast.
     0 | D:1      | Reached XP level 1. HP: 20/20 MP: 6/6
   250 | D:1      | Reached XP level 2. HP: 26/26 MP: 7/7
   379 | D:1      | Identified the +0 leather armour of Yryamago {+Inv rF+
                  | Str+6}
   428 | D:1      | Learned a level 1 spell: Necrotise
   899 | D:1      | Found a faded altar of an unknown god.
  1006 | D:1      | Reached skill level 5 in Spellcasting
  1006 | D:1      | Reached XP level 3. HP: 25/31 MP: 7/9
  1279 | D:2      | Reached skill level 1 in Invocations
  1488 | D:2      | Noticed Jessica
  1492 | D:2      | Found a shimmering blue altar of Sif Muna.
  1529 | D:2      | Reached skill level 1 in Short Blades
  1529 | D:2      | Reached skill level 1 in Long Blades
  1529 | D:2      | Reached skill level 1 in Axes
  1529 | D:2      | Reached skill level 1 in Maces & Flails
  1529 | D:2      | Reached skill level 1 in Staves
  1529 | D:2      | Reached skill level 1 in Ranged Weapons
  1529 | D:2      | Reached skill level 1 in Throwing
  1529 | D:2      | Reached skill level 1 in Dodging
  1529 | D:2      | Reached skill level 1 in Stealth
  1529 | D:2      | Reached skill level 1 in Unarmed Combat
  1529 | D:2      | Reached skill level 1 in Evocations
  1536 | D:2      | Killed Jessica
  1537 | D:2      | Reached XP level 4. HP: 22/38 MP: 8/11
  1725 | D:2      | Became a worshipper of Sif Muna the Loreminder
  1757 | D:2      | Reached skill level 1 in Conjurations
  1757 | D:2      | Reached skill level 1 in Hexes
  1757 | D:2      | Reached skill level 1 in Summonings
  1757 | D:2      | Reached skill level 1 in Necromancy
  1757 | D:2      | Reached skill level 1 in Translocations
  1757 | D:2      | Reached skill level 1 in Transmutations
  1757 | D:2      | Reached skill level 1 in Fire Magic
  1757 | D:2      | Reached skill level 1 in Air Magic
  1757 | D:2      | Reached skill level 1 in Earth Magic
  1757 | D:2      | Reached skill level 1 in Poison Magic
  1821 | D:2      | Learned a level 2 spell: Cigotuvi's Dreadful Rot
  1825 | D:2      | Learned a level 3 spell: Vampiric Draining
  2397 | D:3      | Reached XP level 5. HP: 29/43 MP: 7/12
  3024 | D:3      | Reached * piety under Sif Muna
  3037 | D:3      | Reached XP level 6. HP: 8/50 MP: 13/13
  4144 | D:3      | Reached skill level 5 in Fighting
  4434 | D:4      | Found Anisonas's Assorted Antiques.
  4579 | D:4      | Found a shimmering blue altar of Sif Muna.
  4611 | D:4      | Found a hazy altar of Hepliaklqana.
  4980 | D:4      | Found a sacrificial altar of Ru.
  5027 | D:5      | Entered Level 5 of the Dungeon
  5027 | D:5      | Noticed a water moccasin
  5039 | D:5      | Killed a water moccasin
  5040 | D:5      | Reached XP level 7. HP: 31/56 MP: 9/15
  5190 | D:4      | Upgraded the game from 0.30-a0-134-gb40fab5c76 to
                  | 0.30-a0-137-gd8773701ce
  6145 | D:5      | Noticed Sigmund
  6295 | D:5      | Reached XP level 8. HP: 52/62 MP: 9/16
  6448 | D:5      | Killed Sigmund
  6531 | D:5      | Learned a level 6 spell: Iron Shot
  6537 | D:5      | Learned a level 5 spell: Arcjolt
  7114 | D:6      | Found a staircase to the Ecumenical Temple.
  7158 | D:6      | You fall into a shaft and drop 2 floors!
  7244 | Temple   | Entered the Ecumenical Temple
  7503 | D:6      | Slain by a wight

Illustrated notes

Levels and vault maps discovered:
D:1:      shiori_arrival_whats_in_store_for_you, layout_basic,
          basic_ecumenical_altar, minmay_crystal_room, kennysheep_small_spiral
D:2:      layout_rooms, basic_altar, uniq_jessica
D:3:      layout_rooms
D:4:      layout_rooms, lemuel_coloured_pillars_altar,
          mainiacjoe_overflow_swirl, serial_shops, nicolae_stop_n_shop_1,
          hex_tiny
D:5:      layout_basic, uniq_sigmund
D:6:      layout_basic, minmay_temple_entry_stoned_glass, gup_sewer_entry_bowl
D:7:      layout_cave_pools, mainiacjoe_overflow_concentric_impassable
D:8:      corexii_shack_village, layout_loops_corners, serial_shops, shop
Temple:   nicolae_temple_hex_pool

Skill      XL: |  1  2  3  4  5  6  7  8 |
---------------+-------------------------+-----
Spellcasting   | 5 6 |  6.0
Invocations    | 1 2 3 |  3.5
Short Blades   | 1 2 3 |  3.2
Long Blades    | 1 2 3 |  3.2
Axes           | 1 2 3 |  3.2
Maces & Flails | 1 2 3 |  3.2
Staves         | 1 2 3 |  3.2
Ranged Weapons | 1 2 3 |  3.2
Throwing       | 1 2 3 |  3.2
Dodging        | 1 2 3 |  3.2
Stealth        | 1 2 3 |  3.2
Unarmed Combat | 1 2 3 |  3.2
Evocations     | 1 2 3 |  3.2
Conjurations   | 1 2 |  2.6
Hexes          | 1 2 |  2.6
Summonings     | 1 2 |  2.6
Necromancy     | 1 2 |  2.6
Translocations | 1 2 |  2.6
Transmutations | 1 2 |  2.6
Fire Magic     | 1 2 |  2.6
Air Magic      | 1 2 |  2.6
Earth Magic    | 1 2 |  2.6
Poison Magic   | 1 2 |  2.6
Polearms       | 3 4 |  4.1
Armour         | 3 4 |  4.1
Shields        | 3 4 |  4.1
Fighting       | 5 |  5.6
Ice Magic      | 6 |  6.1

Action                   |  1- 3 |  4- 6 |  7- 9 || total
-------------------------+-------+-------+-------++-------
Melee: Spear             |    84 |    95 |       ||   179
       Bite              |    10 |    11 |     8 ||    29
       Mace              |       |    51 |    47 ||    98
Throw: Dart              |       |     5 |    12 ||    17
       Boomerang         |       |     3 |    12 ||    15
       Javelin           |       |       |     9 ||     9
 Cast: Freeze            |     4 |    37 |    16 ||    57
       Necrotise         |       |    10 |     3 ||    13
       Cigotuvi's Dreadf |       |       |     2 ||     2
 Abil: Evoke Invisibilit |     1 |       |       ||     1
  Use: Potion            |     1 |     3 |     2 ||     6
       Scroll            |       |       |     2 ||     2
 Stab: Sleeping          |     2 |     2 |       ||     4
Armor: Robe              |     5 |       |       ||     5
       Leather armour    |     8 |    44 |    33 ||    85
Dodge: Dodged            |    24 |    88 |    44 ||   156
Block: Buckler           |    13 |    37 |    23 ||    73

Table legend: (Time is in decaauts)
 A = Elapsed time spent in this place.
 B = Non-inter-level travel time spent in this place.
 C = Inter-level travel time spent in this place.
 D = Time resting spent in this place.
 E = Time spent auto-exploring this place.
 F = Levels seen in this place.
 G = Mean time per level.
                   A        B        C        D        E       F      G
               +--------+--------+--------+--------+--------+-----+--------+
         Total |   7544 |   7164 |    380 |   2621 |   3228 |   9 |  838.2 |
       Dungeon |   7301 |   6921 |    380 |   2382 |   3228 |   8 |  912.6 |
        Temple |    242 |    242 |      0 |    239 |      0 |   1 |  242.0 |
               +--------+--------+--------+--------+--------+-----+--------+

Top non-repeatable levels by time:
     D:5: 1842 daAuts
     D:2: 1742 daAuts
     D:3: 1446 daAuts
     D:1: 1258 daAuts
     D:4: 810 daAuts
  Temple: 242 daAuts
     D:6: 157 daAuts
     D:8: 35 daAuts
     D:7: 7 daAuts
